 Dungeon Crawl Stone Soup version 0.18.1-50-g88ac8fd (webtiles) character file.

140 Peloso the Skirmisher (level 5, -9/46 HPs)
             Began as a Ghoul Fighter on Oct 28, 2016.
             Mangled by Sigmund
             ... wielding a +0 scythe
              (12 damage)
             ... on level 4 of the Dungeon.
             The game lasted 00:04:05 (2139 turns).

Peloso the Skirmisher (Ghoul Fighter)               Turns: 2139, Time: 00:04:06

Health: -9/46      AC:  6    Str: 25    XL:     5   Next: 23%
Magic:  4/4        EV:  8    Int:  3    God:
Gold:   115        SH:  9    Dex:  9    Spells: 0 memorised, 4 levels left

rFire  . . .     SeeInvis .     a - +0 long sword
rCold  + . .     Gourm    .     b - +0 scale mail
rNeg   + + +     Faith    .     c - +0 shield
rPois  ∞         Spirit   .     (no helmet)
rElec  .         Dismiss  .     (no cloak)
rCorr  .         Reflect  .     (no gloves)
SustAt .         Harm     .     (no boots)
MR     +....                    (no amulet)
Stlth  ..........               (no ring)
                                h - ring of protection from magic

@: mighty, rotting, somewhat resistant to hostile enchantments, extremely
unstealthy
A: rotting body, claws 1, carnivore 3, cold resistance 1, negative energy
resistance 3, slow regeneration 1, torment resistance, unbreathing
a: no special abilities


You were on level 4 of the Dungeon.
You were not hungry.

You visited 1 branch of the dungeon, and saw 4 of its levels.

You collected 115 gold pieces.

Inventory:

Hand Weapons
 a - a +0 long sword (weapon)
 g - a cursed -1 dagger
 q - a cursed -1 short sword
Armour
 b - a +0 scale mail (worn)
 c - a +0 shield (worn)
Jewellery
 h - a ring of protection from magic (left claw)
Scrolls
 e - a scroll of magic mapping {unknown}
 k - 4 scrolls of identify {unknown}
 m - a scroll of amnesia {unknown}
 n - 2 scrolls of enchant armour {unknown}
 o - 2 scrolls of remove curse {unknown}
 p - a scroll of enchant weapon {unknown}
 s - a scroll of recharging {unknown}
 v - a scroll of immolation {unknown}
Potions
 i - a potion of berserk rage {unknown}
 j - a potion of mutation {unknown}
 r - 3 potions of heal wounds {unknown}
 t - 3 potions of curing {unknown}
Comestibles
 f - 3 meat rations
 l - a slice of pizza
 u - a chunk of flesh


   Skills:
 + Level 4.0 Fighting
 + Level 2.6 Long Blades
 + Level 3.4 Armour
 + Level 1.0 Dodging
 + Level 0.5 Stealth
 + Level 3.3 Shields


You had 4 spell levels left.
You didn't know any spells.

Dungeon Overview and Level Annotations

Branches:
Dungeon (4/15)
 Temple: D:4-7

Altars:
Ashenzari
Elyvilon
Nemelex Xobeh
Sif Muna

Annotations:
D:4 Sigmund


Innate Abilities, Weirdness & Mutations

Your body is rotting away.
You thrive on raw meat.
You are immune to poison.
You have sharp fingernails.
You are carnivorous and can eat meat at any time.
Your flesh is cold resistant.
You are immune to negative energy.
You regenerate slowly when monsters are visible.
You are immune to unholy pain and torment.
You can survive without breathing.


Message History

Your shield and scale mail prevent you from hitting something.
You hear some strange, mumbled words.
A magic dart appears from out of thin air!
The magic dart hits you!
Unknown command.
Your shield and scale mail prevent you from hitting something.
Something hits you!
Unknown command.
You miss something. Something hits you but does no damage.
You barely miss something. Something hits you.
* * * LOW HITPOINT WARNING * * *
Unknown command.
You closely miss something. Something hits you!
* * * LOW HITPOINT WARNING * * *
Unknown command.
You barely miss something. You block something's attack.
You slash something! You closely miss something. You block something's attack.
You closely miss something. Something hits you!
You die...

.......#
#......#
#......#
#..=...#
#......#
##......#
##.......#
#...{#####
r≈#..?#@##
.≈### #..#
#..........##
##.#
....♣._.♣...#
#.#
#.......r...
#.#
#≈..♣..≈#.##
#.# ## ≈≈...≈
#..# #.# ..
#...###..###.##
.#
#.........##..#


There were no monsters in sight!

Vanquished Creatures
  A worker ant (D:4)
  4 adders (D:3)
  2 oozes
  2 dart slugs (D:3)
  2 worms
  2 giant geckos
  5 orcs (D:3)
  2 giant cockroaches
  8 hobgoblins
  3 jackals (D:2)
  3 bats
  6 giant newts
  6 goblins
  8 kobolds
  6 rats
60 creatures vanquished.

Notes
Turn   | Place    | Note
--------------------------------------------------------------
     0 | D:1      | Peloso the Ghoul Fighter began the quest for the Orb.
     0 | D:1      | Reached XP level 1. HP: 19/19 MP: 0/0
     8 | D:1      | Found a shattered altar of Ashenzari.
   235 | D:1      | Reached XP level 2. HP: 12/26 MP: 1/1
   767 | D:2      | Reached XP level 3. HP: 26/32 MP: 2/2
   814 | D:2      | Found a sparkling altar of Nemelex Xobeh.
  1653 | D:3      | Reached XP level 4. HP: 40/40 MP: 3/3
  2028 | D:3      | Reached skill level 1 in Dodging
  2085 | D:4      | Found a deep blue altar of Sif Muna.
  2088 | D:4      | Found a white marble altar of Elyvilon.
  2092 | D:4      | Reached skill level 4 in Fighting
  2092 | D:4      | Reached XP level 5. HP: 40/46 MP: 4/4
  2118 | D:4      | Noticed Sigmund
  2139 | D:4      | Mangled by Sigmund

Skill      XL: |  1  2  3  4 |
---------------+-------------+-----
Shields        | 3 |  3.3
Armour         | 3 |  3.4
Long Blades    | 2 |  2.6
Dodging        | 1 |  1.0
Fighting       | 4 |  4.0
Stealth        | |  0.5

Action                   |  1- 3 |  4- 6 || total
-------------------------+-------+-------++-------
Melee: Long sword        |   181 |   102 ||   283
  Use: Potion            |       |     1 ||     1
  Eat: Chunk             |     6 |     3 ||     9
Armor: Scale mail        |    90 |    53 ||   143
Dodge: Dodged            |    62 |    34 ||    96
Block: Shield            |    87 |    56 ||   143
